MID
LANSING LUGNUTS @ CEDAR RAPIDS KERNELS
06/15/2044
 
TOP OF THE 1ST
Lansing Lugnuts batting - Pitching for Cedar Rapids Kernels : RHP Regan Kalinski
Pitching: RHP Regan Kalinski
Batting: RHB Bryan Westray 0-0: Ball
1-0: Called Strike
1-1: Ground out 6-3 (Groundball, 6, EV 80.0 MPH)
Batting: RHB Finn Ross 0-0: Called Strike
0-1: Ball
1-1: Called Strike
1-2: Ball
2-2: Strikes out swinging
Batting: RHB Ivan Ramirez 0-0: Ball
1-0: Called Strike
1-1: Called Strike
1-2: Strikes out swinging
Top of the 1st over - 0 runs, 0 hits, 0 errors, 0 left on base; Lansing 0 - Cedar Rapids 0
BOTTOM OF THE 1ST
Cedar Rapids Kernels batting - Pitching for Lansing Lugnuts : RHP Ari Lueger
Pitching: RHP Ari Lueger
Batting: LHB Jim Pankratz 0-0: Ground out 6-3 (Groundball, 6, EV 83.8 MPH)
Batting: LHB Israel Montoya 0-0: Foul Ball, location: 2F
0-1: Foul Ball, location: 2F
0-2: Strikes out swinging
Batting: LHB Mike Handrahan 0-0: Ground out 5-3 (Groundball, 56, EV 79.4 MPH)
Bottom of the 1st over - 0 runs, 0 hits, 0 errors, 0 left on base; Lansing 0 - Cedar Rapids 0
TOP OF THE 2ND
Lansing Lugnuts batting - Pitching for Cedar Rapids Kernels : RHP Regan Kalinski
Batting: SHB Jose Garcia 0-0: Ball
1-0: Swinging Strike
1-1: Foul Ball, location: 2F
1-2: Foul Ball, location: 2F
1-2: Strikes out swinging
Batting: LHB David Ramirez 0-0: Foul Ball, location: 2F
0-1: Called Strike
0-2: Ball
1-2: Foul Ball, location: 2F
1-2: Ground out 5-3 (Groundball, 15, EV 85.0 MPH)
Batting: RHB B.J. Worthy 0-0: Foul Ball, location: 2F
0-1: Ball
1-1: Swinging Strike
1-2: Ball
2-2: Ball
3-2: Base on Balls
Batting: RHB Luis Reyes 0-0: Ball
1-0: Fielders Choice at 2nd, 5-4 (Groundball, 56, EV 81.2 MPH)
Top of the 2nd over - 0 runs, 0 hits, 0 errors, 1 left on base; Lansing 0 - Cedar Rapids 0
BOTTOM OF THE 2ND
Cedar Rapids Kernels batting - Pitching for Lansing Lugnuts : RHP Ari Lueger
Batting: RHB Jon Avila 0-0: Foul Ball, location: 2F
0-1: Ball
1-1: Foul Ball, location: 2F
1-2: Strikes out swinging
Batting: LHB Christiaan Smits 0-0: Called Strike
0-1: Ball
1-1: Foul Ball, location: 2F
1-2: Ground out 1-3 (Groundball, 15, EV 62.5 MPH)
Batting: SHB Roberto Camarena 0-0: SINGLE (Groundball, 4M, EV 95.0 MPH) (infield hit)
Batting: RHB Danny Barajas 0-0: Called Strike
0-1: Ball
1-1: Ball
2-1: Ball
3-1: Reached on error, E3 (Groundball, 3, EV 88.8 MPH)
Roberto Camarena to second
Batting: RHB Jake Wirthlin 0-0: Ball
1-0: Foul Ball, location: 2F
1-1: Foul Ball, location: 2F
1-2: Ground out 3-1 (Groundball, 13, EV 94.4 MPH)
Bottom of the 2nd over - 0 runs, 1 hit, 1 error, 2 left on base; Lansing 0 - Cedar Rapids 0
TOP OF THE 3RD
Lansing Lugnuts batting - Pitching for Cedar Rapids Kernels : RHP Regan Kalinski
Batting: RHB Darren McCarty Jr. 0-0: Ball
1-0: Ball
2-0: DOUBLE (Flyball, 8RD, EV 106.9 MPH)
Batting: RHB Nick Wicker 0-0: Ground out 6-3 (Groundball, 6, EV 79.4 MPH)
Darren McCarty Jr. to third
Batting: RHB Bryan Westray 0-0: Ball
1-0: 2-RUN HOME RUN (Line Drive, 7D, EV 95.0 MPH), Distance : 386 ft
Batting: RHB Finn Ross 0-0: Foul Ball, location: 2F
0-1: Ball
1-1: TRIPLE (Flyball, 7D, EV 97.5 MPH)
Batting: RHB Ivan Ramirez 0-0: Ground out 1-3 (Groundball, 13S, EV 68.8 MPH)
Batting: SHB Jose Garcia 0-0: Called Strike
0-1: Foul Ball, location: 2F
0-2: Ball
1-2: Ball
2-2: 2-RUN HOME RUN (Line Drive, 78XD, EV 105.0 MPH), Distance : 403 ft
Batting: LHB David Ramirez 0-0: Fly out, F6 (Flyball, 6D, EV 81.2 MPH)
Top of the 3rd over - 4 runs, 4 hits, 0 errors, 0 left on base; Lansing 4 - Cedar Rapids 0
BOTTOM OF THE 3RD
Cedar Rapids Kernels batting - Pitching for Lansing Lugnuts : RHP Ari Lueger
Batting: SHB Duri Chilemba 0-0: Ball
1-0: Foul Ball, location: 2F
1-1: Ground out 4-3 (Groundball, 4S, EV 70.6 MPH)
Batting: LHB Jim Pankratz 0-0: Ball
1-0: Called Strike
1-1: Swinging Strike
1-2: Ball
2-2: Foul Ball, location: 2F
2-2: SOLO HOME RUN (Flyball, 9D, EV 100.6 MPH), Distance : 376 ft
Batting: LHB Israel Montoya 0-0: Swinging Strike
0-1: Ball
1-1: Ball
2-1: Ball
3-1: Foul Ball, location: 2F
3-2: Foul Ball, location: 2F
3-2: Strikes out swinging
Batting: LHB Mike Handrahan 0-0: Called Strike
0-1: Foul Ball, location: 2F
0-2: Ball
1-2: Ball
2-2: Strikes out swinging
Bottom of the 3rd over - 1 run, 1 hit, 0 errors, 0 left on base; Lansing 4 - Cedar Rapids 1
TOP OF THE 4TH
Lansing Lugnuts batting - Pitching for Cedar Rapids Kernels : RHP Regan Kalinski
Batting: RHB B.J. Worthy 0-0: Called Strike
0-1: Ball
1-1: Foul Ball, location: 2F
1-2: Foul Ball, location: 2F
1-2: Ball
2-2: Foul Ball, location: 2F
2-2: Ball
3-2: Foul Ball, location: 2F
3-2: Strikes out swinging
Batting: RHB Luis Reyes 0-0: Ball
1-0: Ground out 5-3 (Groundball, 56S, EV 77.5 MPH)
Batting: RHB Darren McCarty Jr. 0-0: Ball
1-0: Called Strike
1-1: Ball
2-1: Ball
3-1: Called Strike
3-2: Base on Balls
Batting: RHB Nick Wicker 0-0: Ball
Darren McCarty Jr. steals 2nd, throwing error, E2
Darren McCarty Jr. to third
1-0: Ball
2-0: Foul Ball, location: 2F
2-1: Ball
3-1: SINGLE (Line Drive, 8RS, EV 110.6 MPH)
Darren McCarty Jr. scores
Batting: RHB Bryan Westray 0-0: Ball
1-0: Called Strike
1-1: Ball
2-1: Ball
Nick Wicker steals 2nd base
3-1: Ground out 6-3 (Groundball, 6, EV 86.9 MPH)
Top of the 4th over - 1 run, 1 hit, 1 error, 1 left on base; Lansing 5 - Cedar Rapids 1
BOTTOM OF THE 4TH
Cedar Rapids Kernels batting - Pitching for Lansing Lugnuts : RHP Ari Lueger
Batting: RHB Jon Avila 0-0: Called Strike
0-1: Ball
1-1: Ground out 4-3 (Groundball, 4, EV 77.5 MPH)
Batting: LHB Christiaan Smits 0-0: SINGLE (Groundball, 6D, EV 96.2 MPH)
Batting: SHB Roberto Camarena 0-0: Fielders Choice at 2nd, 6-4 (Groundball, 6, EV 85.0 MPH)
Batting: RHB Danny Barajas 0-0: Ground out 5-3 (Groundball, 56S, EV 82.5 MPH)
Bottom of the 4th over - 0 runs, 1 hit, 0 errors, 1 left on base; Lansing 5 - Cedar Rapids 1
TOP OF THE 5TH
Lansing Lugnuts batting - Pitching for Cedar Rapids Kernels : RHP Regan Kalinski
Batting: RHB Finn Ross 0-0: Ball
1-0: Ball
2-0: Ball
3-0: Called Strike
3-1: Foul Ball, location: 2F
3-2: Strikes out looking
Batting: RHB Ivan Ramirez 0-0: Ground out 6-3 (Groundball, 6, EV 110.6 MPH)
Batting: SHB Jose Garcia 0-0: Called Strike
0-1: Ground out 6-3 (Groundball, 6, EV 86.2 MPH)
Top of the 5th over - 0 runs, 0 hits, 0 errors, 0 left on base; Lansing 5 - Cedar Rapids 1
BOTTOM OF THE 5TH
Cedar Rapids Kernels batting - Pitching for Lansing Lugnuts : RHP Ari Lueger
Batting: RHB Jake Wirthlin 0-0: Ball
1-0: Ground out 5-3 (Groundball, 56S, EV 83.8 MPH)
Batting: SHB Duri Chilemba 0-0: Swinging Strike
0-1: Ball
1-1: Called Strike
1-2: Strikes out swinging
Batting: LHB Jim Pankratz 0-0: Ball
1-0: Ball
2-0: Called Strike
2-1: Ball
3-1: Called Strike
3-2: Strikes out looking
Bottom of the 5th over - 0 runs, 0 hits, 0 errors, 0 left on base; Lansing 5 - Cedar Rapids 1
TOP OF THE 6TH
Lansing Lugnuts batting - Pitching for Cedar Rapids Kernels : RHP Regan Kalinski
Pitching: RHP Bruce Wight
Batting: LHB David Ramirez 0-0: Called Strike
0-1: Hit by Pitch
Batting: RHB B.J. Worthy 0-0: Called Strike
0-1: Foul Ball, location: 2F
0-2: Ball
1-2: Strikes out swinging
Batting: RHB Luis Reyes 0-0: Called Strike
0-1: Called Strike
0-2: DOUBLE (Line Drive, 9LS, EV 98.1 MPH)
David Ramirez to third
David Ramirez scores
Batting: RHB Darren McCarty Jr. 0-0: Ball
Luis Reyes steals 3rd base
1-0: Fly out, F9 (Flyball, 89XD, EV 78.8 MPH)
Runner from 3rd tags up, SCORES, no throw by RF
Batting: RHB Nick Wicker 0-0: Ball
1-0: Ball
2-0: Fly out, F9 (Flyball, 9S, EV 89.4 MPH)
Top of the 6th over - 2 runs, 1 hit, 0 errors, 0 left on base; Lansing 7 - Cedar Rapids 1
BOTTOM OF THE 6TH
Cedar Rapids Kernels batting - Pitching for Lansing Lugnuts : RHP Ari Lueger
Batting: LHB Israel Montoya 0-0: Fly out, F7 (Line Drive, 7D, EV 93.8 MPH)
Batting: LHB Mike Handrahan 0-0: Called Strike
0-1: Swinging Strike
0-2: Ball
1-2: Ball
2-2: Foul Ball, location: 2F
2-2: SINGLE (Line Drive, 6D, EV 98.1 MPH)
Batting: RHB Jon Avila 0-0: Grounds into double play, 4-6-3 (Groundball, 34, EV 78.8 MPH)
Bottom of the 6th over - 0 runs, 1 hit, 0 errors, 0 left on base; Lansing 7 - Cedar Rapids 1
TOP OF THE 7TH
Lansing Lugnuts batting - Pitching for Cedar Rapids Kernels : RHP Bruce Wight
Batting: RHB Bryan Westray 0-0: SINGLE (Groundball, 56D, EV 107.5 MPH)
Batting: RHB Finn Ross 0-0: Ball
1-0: Called Strike
1-1: Ball
2-1: Ball
3-1: Fielders Choice at 2nd, 6-4 (Groundball, 6, EV 86.9 MPH)
Pitching: RHP Edwin Sanchez
Batting: RHB Ivan Ramirez 0-0: Called Strike
Finn Ross steals 2nd base
0-1: Ball
1-1: Ball
2-1: Ground out 6-3 (Groundball, 6, EV 101.9 MPH)
Batting: SHB Jose Garcia 0-0: 2-RUN HOME RUN (Flyball, 9LD, EV 92.5 MPH), Distance : 336 ft
Batting: LHB David Ramirez 0-0: Called Strike
0-1: Ball
1-1: Fly out, F9 (Flyball, 89M, EV 85.0 MPH)
Top of the 7th over - 2 runs, 2 hits, 0 errors, 0 left on base; Lansing 9 - Cedar Rapids 1
BOTTOM OF THE 7TH
Cedar Rapids Kernels batting - Pitching for Lansing Lugnuts : RHP Ari Lueger
Batting: LHB Christiaan Smits 0-0: Called Strike
0-1: Ball
1-1: Called Strike
1-2: Fly out, F7 (Flyball, 7LS, EV 90.0 MPH)
Batting: SHB Roberto Camarena 0-0: Ball
1-0: Ball
2-0: Ball
3-0: Base on Balls
Batting: RHB Danny Barajas 0-0: Ball
1-0: Swinging Strike
1-1: Ball
2-1: Ball
3-1: Fly out, F8 (Flyball, 8LXD, EV 90.0 MPH)
Batting: RHB Jake Wirthlin 0-0: Ball
1-0: Called Strike
1-1: Ball
2-1: Called Strike
2-2: Fly out, F9 (Flyball, 9LM, EV 103.8 MPH)
Bottom of the 7th over - 0 runs, 0 hits, 0 errors, 1 left on base; Lansing 9 - Cedar Rapids 1
TOP OF THE 8TH
Lansing Lugnuts batting - Pitching for Cedar Rapids Kernels : RHP Edwin Sanchez
Batting: RHB B.J. Worthy 0-0: Ball
1-0: Swinging Strike
1-1: Foul Ball, location: 2F
1-2: Ground out 4-3 (Groundball, 4, EV 82.5 MPH)
Batting: RHB Luis Reyes 0-0: Ball
1-0: Ball
2-0: Ball
3-0: Called Strike
3-1: Foul Ball, location: 2F
3-2: Strikes out swinging
Batting: RHB Darren McCarty Jr. 0-0: Ball
1-0: Ground out 2-3 (Groundball, 2R, EV 71.2 MPH)
Top of the 8th over - 0 runs, 0 hits, 0 errors, 0 left on base; Lansing 9 - Cedar Rapids 1
BOTTOM OF THE 8TH
Cedar Rapids Kernels batting - Pitching for Lansing Lugnuts : RHP Ari Lueger
Batting: SHB Duri Chilemba 0-0: Ball
1-0: Ground out 4-3 (Groundball, 4, EV 90.0 MPH)
Pinch Hitting: LHB Kevin Cooper 0-0: SINGLE (Flyball, 56D, EV 89.4 MPH)
Batting: LHB Israel Montoya 0-0: Fly out, F7 (Flyball, 7, EV 88.8 MPH)
Batting: LHB Mike Handrahan 0-0: Fly out, F4 (Popup, 34S, EV 71.2 MPH)
Bottom of the 8th over - 0 runs, 1 hit, 0 errors, 1 left on base; Lansing 9 - Cedar Rapids 1
TOP OF THE 9TH
Lansing Lugnuts batting - Pitching for Cedar Rapids Kernels : RHP Edwin Sanchez
Now at 1B: Ulbrecht Bernstein
Batting: RHB Nick Wicker 0-0: Ball
1-0: Foul Ball, location: 2F
1-1: Ball
2-1: Swinging Strike
2-2: Ball
3-2: Foul Ball, location: 2F
3-2: Strikes out looking
Batting: RHB Bryan Westray 0-0: Ball
1-0: Called Strike
1-1: TRIPLE (Flyball, 89XD, EV 96.9 MPH)
Batting: RHB Finn Ross 0-0: Called Strike
0-1: Ball
1-1: Ground out 5-3 (Groundball, 56, EV 89.4 MPH)
Bryan Westray scores
Pinch Hitting: RHB Andres Lozano 0-0: Ground out U3 (Groundball, 34S, EV 91.2 MPH)
Top of the 9th over - 1 run, 1 hit, 0 errors, 0 left on base; Lansing 10 - Cedar Rapids 1
BOTTOM OF THE 9TH
Cedar Rapids Kernels batting - Pitching for Lansing Lugnuts : RHP Ari Lueger
Now at 1B: Roger Escareno
Batting: RHB Jon Avila 0-0: SINGLE (Groundball, 56D, EV 103.8 MPH) (infield hit)
Batting: LHB Christiaan Smits 0-0: Ball
1-0: Swinging Strike
1-1: Foul Ball, location: 2F
1-2: Fly out, F7 (Flyball, 7LM, EV 80.0 MPH)
Batting: SHB Roberto Camarena 0-0: Ball
1-0: Called Strike
1-1: Ground out 5-3 (Groundball, 5S, EV 68.1 MPH)
Jon Avila to second
Pitching: RHP Mike Merriman
Batting: RHB Danny Barajas 0-0: Called Strike
0-1: Reached on error, E5 (Groundball, 5, EV 111.9 MPH)
Jon Avila to third
Batting: RHB Jake Wirthlin 0-0: Foul Ball, location: 2F
0-1: Foul Ball, location: 2F
0-2: SINGLE (Groundball, 6MD, EV 98.1 MPH)
Jon Avila scores
Danny Barajas to second
Pinch Hitting: RHB Mike Craver 0-0: Ball
1-0: Foul Ball, location: 2F
1-1: Called Strike
1-2: Strikes out looking
Bottom of the 9th over - 1 run, 2 hits, 1 error, 2 left on base; Lansing 10 - Cedar Rapids 2
Thursday, March 31st , 2022 - OOTP Baseball 22.12 Build 89